 Dungeon Crawl Stone Soup version 0.31-a0-435-g2c6fae2916 (webtiles) character file.

Game seed: 4260570889751587708

280 Dordric the Ruffian (level 6, -6/43 HPs)
             Began as a Demonspawn Shapeshifter on Aug 1, 2023.
             Mangled by Duvessa
             ... wielding a +0 short sword
              (13 damage)
             ... on level 4 of the Dungeon.
             The game lasted 00:05:42 (2720 turns).

Dordric the Ruffian (Demonspawn Shapeshifter)       Turns: 2720, Time: 00:05:42

Health: -6/43      AC:  6    Str: 17    XL:     6   Next: 5%
Magic:  6/6        EV: 12    Int:  9    God:
Gold:   135        SH:  0    Dex: 14    Spells: 5/5 levels left

rFire   . . .        u - +5 dagger (venom)
rCold   . . .        (no shield)
rNeg    . . .        i - +0 scale mail
rPois   .            (helmet currently unavailable)
rElec   .            (cloak currently unavailable)
rCorr   .            (gloves currently unavailable)
SInv    .            (boots currently unavailable)
Will    +....        (no amulet) Stlth
                     l - ring of willpower
HPRegen 0.27/turn    (no ring)
MPRegen 0.10/turn

%: no passive effects
@: beast-form
A: beast (slay +2), horns 1, repulsion field 1, demonic guardian 2
a: Begin Untransformation


You were on level 4 of the Dungeon.
You were a hulking beast.
You visited 1 branch of the dungeon, and saw 4 of its levels.

You collected 135 gold pieces.

Inventory:

Hand Weapons
 u - a +5 dagger of venom (weapon)
Missiles
 o - a throwing net
Armour
 a - a +0 animal skin
 i - a +0 scale mail (worn)
 v - a +2 robe of cold resistance
Jewellery
 l - a ring of willpower (left hand)
 t - a ring of willpower
Talismans
 c - a beast talisman (active)
Wands
 q - a wand of roots (11)
Scrolls
 e - 2 scrolls of poison
 f - 4 scrolls of identify
 g - 2 scrolls of vulnerability
 h - a scroll of enchant weapon {unknown}
 j - 2 scrolls of teleportation
 k - a scroll of immolation {unknown}
 p - a scroll of noise {unknown}
 r - a scroll of fog {unknown}
Potions
 b - a potion of lignification
 d - 3 potions of enlightenment {unknown}
 m - a potion of haste {unknown}
 n - 2 potions of curing {unknown}
 s - a potion of ambrosia {unknown}


   Skills:
 - Level 1.0 Fighting
 - Level 1.7 Dodging
 + Level 4.8 Unarmed Combat
 + Level 4.2 Shapeshifting


You had 5 spell levels left.
You didn't know any spells.
Your spell library contained the following spells:

 Spells                   Type           Power      Damage    Failure   Level
 Lesser Beckoning         Tloc           0%         N/A       92%         2
 Gell's Gravitas          Tloc           0%         N/A       99%         3
 Teleport Other           Tloc           0%         N/A       99%         3


Dungeon Overview and Level Annotations

Branches:
Dungeon (4/15)
 Temple: D:4-7

Altars:
Uskayaw

Annotations:
D:4 Duvessa


Innate Abilities, Weirdness & Mutations

You are a hulking beast.
Your limbs bulge with bestial killing power. (Slay +2)
You have a pair of small horns on your head.
You are surrounded by a mild repulsion field. (EV +2)
A demonic guardian rushes to your aid.


Message History

You hit Duvessa.
Duvessa is poisoned.
Duvessa is lightly wounded.
You hit Dowan.
Dowan is lightly wounded.
Duvessa hits you with a +0 short sword. Dowan hits you but does no damage.
You puncture Dowan!
Dowan is poisoned.
Your headbutt misses Dowan.
Dowan is heavily wounded.
Duvessa hits you with a +0 short sword! Dowan hits you with a +0 dagger.
You closely miss Dowan. Your headbutt misses Dowan.
Dowan is severely wounded.
Duvessa hits you but does no damage. Dowan gestures at you while chanting.
The puff of flame hits you.
You barely miss Duvessa. Your headbutt misses Duvessa.
Duvessa is moderately wounded.
Duvessa barely misses you. Dowan hits you with a +0 dagger.
You hit Duvessa but do no damage.
Duvessa looks as sick as possible!
Duvessa is moderately wounded.
Duvessa barely misses you. Dowan misses you.
You hit Duvessa but do no damage.
Duvessa looks as sick as possible!
Duvessa is moderately wounded.
Duvessa misses you. Dowan gestures at you while chanting.
The puff of flame hits you!
You hit Duvessa.
Duvessa looks as sick as possible!
You headbutt Duvessa.
Duvessa is heavily wounded.
Duvessa hits you with a +0 short sword!
* * * LOW HITPOINT WARNING * * *
A demonic guardian appears!
Dowan completely misses you.
Your orange demon stings Duvessa from afar.
You kill Dowan!
Duvessa screams in rage.
Duvessa goes berserk!
You have reached level 6!
Your demonic ancestry asserts itself...
You begin to radiate repulsive energy.
You barely miss Duvessa.
Duvessa is severely wounded.
Duvessa hits you with a +0 short sword!
You die...

....#####.####.......)
....# #..... .........#
....###.#.####........#
..........#...........#
.....#....#.#!........#
.....#....#.#.##......#
.....#....#.#.##......#
.....####.#.#.##......##
.....# #)...4.eh.......
.....# #...............
.#.#.# #...............
#...............
#...............
#.........######
#.........# #.>.......#


You could see Duvessa (berserk, extremely poisoned, ally target) and a friendly
orange demon (summoned).

Vanquished Creatures
  Dowan (D:4)
  Jessica (D:3)
  Natasha (twice) (D:3)
  Terence (D:3)
  3 adders (D:2)
  2 worms (D:2)
  3 orcs (D:3)
  6 ball pythons
  5 bats
  6 endoplasms
  2 giant cockroaches
  4 goblins
  11 hobgoblins
  3 jackals (D:3)
  3 quokkas
  5 frilled lizards
  9 kobolds
  6 rats
73 creatures vanquished.

Vanquished Creatures (collateral kills)
  Ijyb (D:3)
  An endoplasm (D:1)
  A ball python (D:3)
3 creatures vanquished.

Grand Total: 76 creatures vanquished

Notes
Turn   | Place    | Note
-------+----------+-------------------------------------------
     0 | D:1      | Dordric the Demonspawn Shapeshifter began the quest for the
                  | Orb.
     0 | D:1      | Reached XP level 1. HP: 15/15 MP: 1/1
   104 | D:1      | Gained mutation: A weak demonic guardian rushes to your
                  | aid. [demonic ancestry]
   104 | D:1      | Reached XP level 2. HP: 3/21 MP: 2/2
   871 | D:2      | Gained mutation: A demonic guardian rushes to your aid.
                  | [demonic ancestry]
   871 | D:2      | Reached XP level 3. HP: 24/26 MP: 3/3
  1225 | D:2      | Gained mutation: You have a pair of small horns on your
                  | head. [demonic ancestry]
  1225 | D:2      | Reached XP level 4. HP: 22/32 MP: 4/4
  1669 | D:3      | Noticed Terence
  1670 | D:3      | Noticed Jessica
  1833 | D:3      | Found a hide-covered altar of Uskayaw.
  1835 | D:3      | Noticed Ijyb
  1895 | D:3      | Killed Ijyb
  2233 | D:3      | Killed Jessica
  2234 | D:3      | Reached XP level 5. HP: 37/37 MP: 5/5
  2416 | D:3      | Noticed Natasha
  2420 | D:3      | Killed Natasha
  2493 | D:3      | Noticed Natasha
  2499 | D:3      | Killed Natasha
  2605 | D:3      | Killed Terence
  2701 | D:4      | Noticed Duvessa
  2701 | D:4      | Noticed Dowan
  2719 | D:4      | Killed Dowan
  2720 | D:4      | Gained mutation: You are surrounded by a mild repulsion
                  | field. (EV +2) [demonic ancestry]
  2720 | D:4      | Reached XP level 6. HP: 7/43 MP: 6/6
  2720 | D:4      | Mangled by Duvessa

Illustrated notes

Levels and vault maps discovered:
D:1:      sevenhm_arrival_forest_fort_large_2, layout_loops_ring
D:2:      layout_rooms, moated_statue, hangedman_decor_clover_reticule,
          wad_floor_pattern_1, minivault_23, kennysheep_generic_room_3
D:3:      layout_loops_ring, eat_drink_and_be_merry_uskayaw, uniq_natasha,
          uniq_ijyb, uniq_jessica, uniq_terence
D:4:      layout_basic, uniq_duvessa

Skill      XL: |  1  2  3  4  5 |
---------------+----------------+-----
Unarmed Combat | 3 4 |  4.8
Shapeshifting  | 3 4 |  4.2
Fighting       | |  1.0
Dodging        | |  1.7

Action                     |  1- 3 |  4- 6 || total
---------------------------+-------+-------++-------
  Melee: Unarmed           |   127 |    64 ||   191
         Headbutt          |       |    10 ||    10
         Dagger            |       |    29 ||    29
    Use: Scroll            |       |     3 ||     3
   Stab: Sleeping          |     1 |       ||     1
 Armour: Animal skin       |    11 |       ||    11
         Scale mail        |    22 |    48 ||    70
  Dodge: Dodged            |    69 |    62 ||   131

Table legend: (Time is in decaauts)
 A = Elapsed time spent in this place.
 B = Non-inter-level travel time spent in this place.
 C = Inter-level travel time spent in this place.
 D = Time resting spent in this place.
 E = Time spent auto-exploring this place.
 F = Levels seen in this place.
 G = Mean time per level.
                   A        B        C        D        E       F      G
               +--------+--------+--------+--------+--------+-----+--------+
         Total |   2708 |   2655 |     53 |    165 |   1936 |   4 |  677.0 |
       Dungeon |   2708 |   2655 |     53 |    165 |   1936 |   4 |  677.0 |
               +--------+--------+--------+--------+--------+-----+--------+

Top non-repeatable levels by time:
     D:3: 971 daAuts
     D:2: 874 daAuts
     D:1: 820 daAuts
     D:4: 43 daAuts
